 Dungeon Crawl Stone Soup version 0.17.0-57-g0e89251 (webtiles) character file.

16 Aarh the Stinger (level 2, 0/15 HPs)
             Began as a Tengu Venom Mage on Dec 7, 2015.
             Slain by Natasha (2 damage)
             ... on level 2 of the Dungeon.
             The game lasted 00:07:44 (945 turns).

Aarh the Stinger (Tengu Venom Mage)                  Turns: 945, Time: 00:07:45

Health: 0/15       AC:  2    Str:  8    XL:     2   Next: 58%
Magic:  5/6        EV: 13    Int: 15    God:
Gold:   43         SH:  0    Dex: 14    Spells: 2 memorised, 2 levels left

rFire  . . .     SeeInvis .     r - +0 short sword
rCold  . . .     Clarity  .     a - +0 robe
rNeg   . . .     SustAt   .     (no shield)
rPois  .         Gourm    .     (helmet restricted)
rElec  .         Spirit   .     (no cloak)
rCorr  .         Warding  .     (no gloves)
rMut   .         Stasis   .     (boots unavailable)
MR     .....                    (no amulet)
Stlth  ++........               (no ring)
                                (no ring)

@: slowed, very slow, not resistant to hostile enchantments, unstealthy
A: beak, talons 3
a: no special abilities


You were on level 2 of the Dungeon.
You were not hungry.

You visited 1 branch of the dungeon, and saw 2 of its levels.

You collected 43 gold pieces.

Inventory:

Hand Weapons
 k - a +0 club
   (You took it off a hobgoblin on level 1 of the Dungeon)
 m - a +0 whip
   (You took it off a kobold on level 1 of the Dungeon)
 n - a +0 dagger
   (You took it off a goblin on level 1 of the Dungeon)
 r - a +0 short sword (weapon)
   (You took it off a kobold on level 2 of the Dungeon)
Missiles
 l - 26 stones (quivered)
Armour
 a - a +0 robe (worn)
 g - a +0 ring mail
   (You found it on level 1 of the Dungeon)
 o - a +0 shield
   (You found it on level 2 of the Dungeon)
Scrolls
 e - 3 scrolls of identify {unknown}
 i - a scroll of random uselessness {unknown}
 j - 2 scrolls of enchant weapon {unknown}
 p - a scroll of remove curse {unknown}
 q - a scroll of enchant armour {unknown}
Potions
 d - a potion of haste {unknown}
 f - a potion of lignification {unknown}
 h - a potion of degeneration {unknown}
Books
 b - a Young Poisoner's Handbook
Comestibles
 c - 2 bread rations


   Skills:
 * Level 2.4 Dodging
 * Level 2.1 Stealth
 * Level 2.1 Spellcasting
 + Level 1.1 Conjurations
 + Level 4.2 Poison Magic


You had 2 spell levels left.
You knew the following spells:

 Your Spells              Type           Power        Failure   Level  Hunger
a - Sting                 Conj/Pois      #...         10%         1    #......
b - Cure Poison           Pois           ##........   8%          2    ###....


Dungeon Overview and Level Annotations

Branches:
Dungeon (2/15)

Altars:
Elyvilon

Annotations:
D:2 Natasha


Innate Abilities, Weirdness & Mutations

You have a beak for a mouth.
You have claws for feet.


Message History

An adder comes into view.
The adder moves out of view.
Found 8 gold pieces.
Found a white marble altar of Elyvilon.
j - 2 scrolls labeled UKHENA ELEMP (gained 1)
You see here 8 gold pieces.
Found a rat corpse.
You see here 8 gold pieces.
Found a scroll labeled HACURR HUAB.
Found a stone staircase leading up.
Found 10 gold pieces.
You see here a shield.
o - a shield You see here a bread ration.
c - 2 bread rations (gained 1) Natasha hisses angrily.
Casting: Sting
Confirm with . or Enter, or press ? or * to list all spells.
Aiming: Sting
Press: ? - help, Shift-Dir - straight line, f - Natasha
Aim: Natasha The sting hits Natasha.
Natasha is lightly wounded.
Casting: Sting
Confirm with . or Enter, or press ? or * to list all spells.
Aiming: Sting
Press: ? - help, Shift-Dir - straight line, f/p - Natasha
Aim: Natasha (lightly wounded)
The sting hits Natasha.
Natasha is poisoned.
Natasha is lightly wounded.
Natasha stares at you and mumbles some strange words.
You feel yourself slow down.
Natasha looks more healthy.
Natasha misses you.
You closely miss Natasha.
Natasha is moderately wounded.
Natasha claws you.
You barely miss Natasha. You claw Natasha.
Natasha is heavily wounded.
Natasha mumbles some strange words.
You feel disoriented.
Natasha mumbles some strange words.
Natasha casts a spell.
You hit Natasha. Your peck misses Natasha.
Natasha is almost dead.
Natasha claws you!
* * * LOW HITPOINT WARNING * * *
Natasha closely misses you.
You barely miss Natasha. Your peck misses Natasha.
Natasha is almost dead.
Natasha claws you.
You die...

♣._.♣..................<......#
......$........)........>.....#
..♣..≈#...........#####.......#
≈h..≈≈#.............# #.......#
#...###..........##.###.......#
.................##..........##
................5#####........#
.....<.........#h# #........#
.....?..#......#@# #........#
##....#.....#..# ##......##
.............## #.....##
...########$## #..#### ..# #..#
### ..## #..# #.. ...


You could see Natasha and a crimson imp.

Vanquished Creatures
  Monster Symbol All 'K'
  5 kobolds (D:1 D:2)
5 creatures vanquished. All 'g' 2 goblins (D:1 D:2) 4 hobgoblins (D:1)
6 creatures vanquished. All 'l' 3 giant newts (D:1)
3 creatures vanquished. All 'r' 3 rats (D:1 D:2)
3 creatures vanquished. All 's' A giant cockroach (D:1)
1 creature vanquished.
18 creatures vanquished. Monster Nature Natural Monsters 2 goblins (D:1 D:2) 4 hobgoblins (D:1) A giant cockroach (D:1) 3 giant newts (D:1) 5 kobolds (D:1 D:2) 3 rats (D:1 D:2)
18 creatures vanquished.
18 creatures vanquished. Ascending Order A giant cockroach (D:1) 2 goblins (D:1 D:2) 3 rats (D:1 D:2) 3 giant newts (D:1) 4 hobgoblins (D:1) 5 kobolds (D:1 D:2)
18 creatures vanquished.

Notes
Turn   | Place    | Note
--------------------------------------------------------------
     0 | D:1      | Aarh the Tengu Venom Mage began the quest for the Orb.
     0 | D:1      | Reached XP level 1. HP: 10/10 MP: 4/4
   302 | D:1      | Reached skill level 1 in Conjurations
   302 | D:1      | Reached XP level 2. HP: 15/15 MP: 3/6
   528 | D:1      | Learned a level 2 spell: Cure Poison
   855 | D:2      | Noticed Natasha
   917 | D:2      | Found a white marble altar of Elyvilon.
   944 | D:2      | HP: 2/15 [Natasha (7)]
   945 | D:2      | Slain by Natasha

Action                   || total
-------------------------++-------
Melee: Unarmed           ||     9
       Short sword       ||     4
       Whip              ||     3
       Club              ||     1
 Cast: Sting             ||    40
  Eat: Chunk             ||     1
Dungeon Crawl Stone Soup version 0.17.0-57-g0e89251 (webtiles) character file. 16 Aarh the Stinger (level 2, 0/15 HPs) Began as a Tengu Venom Mage on Dec 7, 2015. Slain by Natasha (2 damage) ... on level 2 of the Dungeon. The game lasted 00:07:44 (945 turns). Aarh the Stinger (Tengu Venom Mage) Turns: 945, Time: 00:07:45 Health: 0/15 AC: 2 Str: 8 XL: 2 Next: 58% Magic: 5/6 EV: 13 Int: 15 God: Gold: 43 SH: 0 Dex: 14 Spells: 2 memorised, 2 levels left rFire . . . SeeInvis . r - +0 short sword rCold . . . Clarity . a - +0 robe rNeg . . . SustAt . (no shield) rPois . Gourm . (helmet restricted) rElec . Spirit . (no cloak) rCorr . Warding . (no gloves) rMut . Stasis . (boots unavailable) MR ..... (no amulet) Stlth ++........ (no ring) (no ring) @: slowed, very slow, not resistant to hostile enchantments, unstealthy A: beak, talons 3 a: no special abilities Innate Abilities, Weirdness & Mutations You have a beak for a mouth. You have claws for feet. Skills: * Level 2.4 Dodging * Level 2.1 Stealth * Level 2.1 Spellcasting + Level 1.1 Conjurations + Level 4.2 Poison Magic You had 2 spell levels left. You knew the following spells: Your Spells Type Power Failure Level Hunger a - Sting Conj/Pois #... 10% 1 #...... b - Cure Poison Pois ##........ 8% 2 ###.... You were on level 2 of the Dungeon. You were not hungry. You visited 1 branch of the dungeon, and saw 2 of its levels. You collected 43 gold pieces. You could see Natasha and a crimson imp. Message History An adder comes into view. The adder moves out of view. Found 8 gold pieces. Found a white marble altar of Elyvilon. j - 2 scrolls labeled UKHENA ELEMP (gained 1) You see here 8 gold pieces. Found a rat corpse. You see here 8 gold pieces. Found a scroll labeled HACURR HUAB. Found a stone staircase leading up. Found 10 gold pieces. You see here a shield. o - a shield You see here a bread ration. c - 2 bread rations (gained 1) Natasha hisses angrily. Casting: Sting Confirm with . or Enter, or press ? or * to list all spells. Aiming: Sting Press: ? - help, Shift-Dir - straight line, f - Natasha Aim: Natasha The sting hits Natasha. Natasha is lightly wounded. Casting: Sting Confirm with . or Enter, or press ? or * to list all spells. Aiming: Sting Press: ? - help, Shift-Dir - straight line, f/p - Natasha Aim: Natasha (lightly wounded) The sting hits Natasha. Natasha is poisoned. Natasha is lightly wounded. Natasha stares at you and mumbles some strange words. You feel yourself slow down. Natasha looks more healthy. Natasha misses you. You closely miss Natasha. Natasha is moderately wounded. Natasha claws you. You barely miss Natasha. You claw Natasha. Natasha is heavily wounded. Natasha mumbles some strange words. You feel disoriented. Natasha mumbles some strange words. Natasha casts a spell. You hit Natasha. Your peck misses Natasha. Natasha is almost dead. Natasha claws you! * * * LOW HITPOINT WARNING * * * Natasha closely misses you. You barely miss Natasha. Your peck misses Natasha. Natasha is almost dead. Natasha claws you. You die...

Action                   || total
-------------------------++-------
Melee: Unarmed           ||     9
       Short sword       ||     4
       Whip              ||     3
       Club              ||     1
 Cast: Sting             ||    40
  Eat: Chunk             ||     1
Notes Turn | Place | Note -------------------------------------------------------------- 0 | D:1 | Aarh the Tengu Venom Mage began the quest for the Orb. 0 | D:1 | Reached XP level 1. HP: 10/10 MP: 4/4 302 | D:1 | Reached skill level 1 in Conjurations 302 | D:1 | Reached XP level 2. HP: 15/15 MP: 3/6 528 | D:1 | Learned a level 2 spell: Cure Poison 855 | D:2 | Noticed Natasha 917 | D:2 | Found a white marble altar of Elyvilon. 944 | D:2 | HP: 2/15 [Natasha (7)] 945 | D:2 | Slain by Natasha

Table legend:
 A = Turns spent in this place as a percentage of turns spent in the entire game.
 B = Non-inter-level travel turns spent in this place as a percentage of non-inter-level travel turns spent in the entire game.
 C = Inter-level travel turns spent in this place as a percentage of turns spent in this place.
 D = Turns resting spent in this place as a percentage of non-inter-level travel turns spent in this place.
 E = Turns spent auto-exploring this place as a percentage of non-inter-level travel turns spent in this place.
 F = Non-inter-level travel turns spent in this place divided by the number of levels of this place that you've seen.
                   A       B       C       D       E      F
               +-------+-------+-------+-------+-------+----------------------
         Total | 100.0 | 100.0 |   0.0 |   6.5 |   6.5 | 178.0
       Dungeon | 100.0 | 100.0 |   0.0 |   6.5 |   6.5 | 178.0
               +-------+-------+-------+-------+-------+----------------------

Table legend:
 A = Kills in this place as a percentage of kills in entire the game.
 B = Kills by you in this place as a percentage of kills by you in the entire game.
 C = Kills by friends in this place as a percentage of kills by friends in the entire game.
 D = Other kills in this place as a percentage of other kills in the entire game.
 E = Experience gained in this place as a percentage of experience gained in the entire game.
 F = Experience gained in this place divided by the number of levels of this place that you have seen.
                   A       B       C       D       E      F
               +-------+-------+-------+-------+-------+----------------------
         Total | 100.0 | 100.0 |  -nan |  -nan | 100.0 |  12.0
       Dungeon | 100.0 | 100.0 |  -nan |  -nan | 100.0 |  12.0
               +-------+-------+-------+-------+-------+----------------------

Vault maps used:
D:1:      grunt_arrival_crossed_arrows
D:2:      elyvilon_altar_4, uniq_natasha
